 Dungeon Crawl Stone Soup version 0.16.0-19-gb078050 (webtiles) character file.

135 Leibowitz the Shield-Bearer (level 4, -1/38 HPs)
             Began as a Demigod Fighter on Mar 23, 2015.
             Slain by an orc
             ... wielding a +0 hand axe
              (2 damage)
             ... on level 3 of the Dungeon.
             The game lasted 00:06:55 (2385 turns).

Leibowitz the Shield-Bearer (Demigod Fighter)       Turns: 2385, Time: 00:06:56

Health: -1/38      AC:  6    Str: 26    XL:     4   Next: 65%
Magic:  7/7        EV:  8    Int: 12    God:
Gold:   113        SH: 10    Dex: 15    Spells: 0 memorised, 3 levels left

rFire  . . .     SeeInvis .     a - +0 war axe
rCold  . . .     Clarity  .     b - +0 scale mail
rNeg   . . .     SustAb   +     c - +0 shield
rPois  .         Gourm    .     (no helmet)
rElec  .         Spirit   .     (no cloak)
rCorr  .         Warding  .     (no gloves)
rMut   .         Stasis   .     (no boots)
MR     .....                    (no amulet)
Stlth  +.........               q - ring of stealth
                                k - ring of invisibility

@: mighty, not resistant to hostile enchantments, very unstealthy
A: sustain abilities
a: Evoke Invisibility


You were on level 3 of the Dungeon.
You were not hungry.

You visited 1 branch of the dungeon, and saw 3 of its levels.

You collected 113 gold pieces.

Inventory:

Hand weapons
 a - a +0 war axe (weapon)
Missiles
 m - 12 poisoned needles
Armour
 b - a +0 scale mail (worn)
 c - a +0 shield (worn)
Jewellery
 k - a ring of invisibility (left hand)
 q - a ring of stealth (right hand)
Magical devices
 n - a wand of flame (15)
Scrolls
 h - a scroll of blinking {unknown}
 i - a scroll of identify {unknown}
 j - a scroll of immolation {unknown}
 l - a scroll of noise {unknown}
 p - a scroll of random uselessness {unknown}
Potions
 f - a potion of curing
Comestibles
 d - a bread ration
 g - 3 meat rations
 o - 4 fruits
 r - 4 chunks of flesh


   Skills:
 + Level 3.1 Fighting
 + Level 2.5 Axes
 + Level 3.1 Armour
 + Level 1.3 Dodging
 + Level 1.1 Stealth
 + Level 3.6 Shields
 + Level 0.2 Evocations


You had 3 spell levels left.
You didn't know any spells.

Dungeon Overview and Level Annotations

Branches:
Dungeon (3/15)


Innate Abilities, Weirdness & Mutations

Your attributes are resistant to harm.


Message History

You hit the orc.
The orc is almost dead.
You hit the orc wizard.
The orc wizard is moderately wounded.
You closely miss the orc. You hit the orc wizard.
The orc wizard is moderately wounded.
You block the orc's attack. The orc wizard casts a spell at you.
You block the puff of frost. You block the orc wizard's attack.
The orc hits you with a hand axe.
* * * LOW HITPOINT WARNING * * *
Drink which item? (? for menu, Esc to quit)
You feel very mighty all of a sudden. The orc hits you with a falchion.
* * * LOW HITPOINT WARNING * * *
The orc wizard hits you but does no damage.
You block the orc wizard's attack. The orc hits you with a hand axe.
* * * LOW HITPOINT WARNING * * *
The orc hits you with a hand axe.
You die...

#......# #....#...
#....#.... #..........
........... ..........
#.........
###oo........
.###+##.)o@.######
.......).oo.....#
.........##.....##+###
........##...........
........##...........
..S.....##..)........#
.......##.)))†######
......##...(.#
.....##..<..+


You could see 2 orc wizards and 3 orcs.

Vanquished Creatures
  An orc wizard (D:3)
  4 adders
  A giant mite (D:1)
  A worm (D:2)
  4 giant geckos
  An ooze (D:2)
  6 orcs (D:3)
  4 goblins
  6 hobgoblins
  4 jackals (D:2)
  6 kobolds
  A quokka (D:2)
  8 bats
  A giant cockroach (D:2)
  3 giant newts
  9 rats
60 creatures vanquished.

Notes
Turn   | Place    | Note
--------------------------------------------------------------
     0 | D:1      | Leibowitz, the Demigod Fighter, began the quest for the Orb.
     0 | D:1      | Reached XP level 1. HP: 18/18 MP: 2/2
   245 | D:1      | Reached skill level 3 in Shields
   245 | D:1      | Reached XP level 2. HP: 19/25 MP: 3/3
  1088 | D:2      | Reached XP level 3. HP: 28/30 MP: 5/5
  1099 | D:2      | Found a stormy altar of Qazlal.
  1099 | D:2      | Found a snail-covered altar of Cheibriados.
  1687 | D:2      | Reached skill level 1 in Stealth
  1899 | D:2      | Reached skill level 1 in Dodging
  1899 | D:2      | Reached XP level 4. HP: 18/38 MP: 7/7
  2121 | D:2      | Found a shadowy altar of Dithmenos.
  2385 | D:3      | HP: 1/38 [orc/hand axe (4)]
  2385 | D:3      | Slain by an orc

Action                   |  1- 3 |  4- 6 || total
-------------------------+-------+-------++-------
Melee: War axe           |   162 |    29 ||   191
Evoke: Wand              |     3 |       ||     3
  Use: Potion            |     4 |     2 ||     6
  Eat: Chunk             |     3 |     2 ||     5
